[Event "FIDE WYCC Girls U16 2023"]
[Site "Montesilvano"]
[Date "2023.11.15"]
[Round "3.9"]
[White "Schebacher, Solene"]
[Black "Bochnickova, Simona"]
[Result "1-0"]
[ECO "B50"]
[WhiteElo "1859"]
[BlackElo "2043"]
[Annotator "NA"]
[PlyCount "107"]
[EventDate "2023.11.13"]
[EventType "swiss"]
[EventCountry "ITA"]
[SourceTitle "playchess.com"]
[Source "ChessBase"]
[SourceQuality "1"]
[TimeControl "40/5400+30:1800+30"]

1. e4 c5 2. Nf3 d6 3. c3 Nf6 4. h3 Nc6 5. Bd3 e5 6. Bc2 g6 7. O-O Bg7 8. Re1 O-O 9. d3 d5 10. Nbd2 Re8 11. a4 b6 12. Bb3 h6 13. Qc2 Bb7 14. Nf1 Rc8 15. Ba2 a6 16. Rb1 b5 17. axb5 axb5 18. exd5 Nxd5 19. Qb3 Na5 20. Qc2 b4 21. Be3 Qb6 22. N1d2 Qc7 23. Rbc1 bxc3 24. bxc3 Kh7 25. Nb3 Nxb3 26. Bxb3 f5 27. Qd1 e4 28. dxe4 Nxc3 29. Qc2 Bxe4 30. Qb2 Qa5 31. Kh1 c4 32. Bd4 Bxd4 33. Nxd4 cxb3 34. Qxb3 Bd5 35. Rxe8 Bxb3 36. Rxc8 Bf7 37. R1xc3 Qa1+ 38. Kh2 Qa5 39. g3 Kg7 40. R8c7 Qe5 41. Nf3 Qd5 42. Ra3 g5 43. Ng1 Qd2 44. Raa7 Qxf2+ 45. Kh1 Qd4 46. Rxf7+ Kg6 47. Rfe7 Qc4 48. Rac7 Qd5+ 49. Kh2 f4 50. g4 Qd2+ 51. Re2 Qd6 52. Rec2 f3+ 53. Kh1 f2 54. R2c6 1-0

[Event "FIDE WYCC Girls U16 2023"]
[Site "Montesilvano"]
[Date "2023.11.15"]
[Round "3.10"]
[White "Vlasova, Olesia"]
[Black "Szczotka, Klara"]
[Result "0-1"]
[ECO "E04"]
[WhiteElo "1850"]
[BlackElo "2020"]
[Annotator "NA"]
[PlyCount "90"]
[EventDate "2023.11.13"]
[EventType "swiss"]
[EventCountry "ITA"]
[SourceTitle "playchess.com"]
[Source "ChessBase"]
[SourceQuality "1"]
[TimeControl "40/5400+30:1800+30"]

1. d4 Nf6 2. c4 e6 3. g3 d5 4. Bg2 dxc4 5. Nf3 Nc6 6. O-O Rb8 7. a4 b6 8. Na3 Bxa3 9. Rxa3 Bb7 10. Rc3 Na5 11. Bg5 h6 12. Bxf6 gxf6 13. Re1 Bc6 14. e4 Qd7 15. Ra3 Nb3 16. d5 Bxa4 17. Nd4 Rd8 18. Bh3 h5 19. Qf3 Qe7 20. Nxb3 Bxb3 21. Rxa7 h4 22. gxh4 exd5 23. Qg3 Qe5 24. f4 Qd4+ 25. Kh1 Kf8 26. Rg1 Qxe4+ 27. Bg2 Qg6 28. Qc3 Rxh4 29. Qb4+ Kg7 30. Bh3 Rxh3 31. Rxg6+ Kxg6 32. Qd2 Rd3 33. f5+ Kxf5 34. Qf2+ Ke4 35. Rxc7 Rd1+ 36. Kg2 Kd3 37. Qf5+ Kd2 38. Re7 Rg8+ 39. Kf2 d4 40. Qxf6 Kc1 41. Qxf7 Rgg1 42. Qf4+ Kb1 43. Qf5+ Bc2 44. Qd5 Rdf1+ 45. Ke2 Bd3+ 0-1

[Event "FIDE WYCC Girls U16 2023"]
[Site "Montesilvano"]
[Date "2023.11.15"]
[Round "3.11"]
[White "Shubhi Gupta"]
[Black "Jansone, Melanija Luize"]
[Result "1-0"]
[ECO "E61"]
[WhiteElo "1940"]
[BlackElo "1658"]
[Annotator "NA"]
[PlyCount "89"]
[EventDate "2023.11.13"]
[EventType "swiss"]
[EventCountry "ITA"]
[SourceTitle "playchess.com"]
[Source "ChessBase"]
[SourceQuality "1"]
[TimeControl "40/5400+30:1800+30"]

1. d4 Nf6 2. Nf3 g6 3. c4 Bg7 4. Nc3 d6 5. Bg5 Nbd7 6. e3 c5 7. Be2 a6 8. O-O O-O 9. Qc2 b6 10. Rad1 Qc7 11. h3 Bb7 12. d5 Rad8 13. Bf4 Ne8 14. Rfe1 Ndf6 15. e4 Qc8 16. Bh2 Nc7 17. Qb3 b5 18. cxb5 axb5 19. Bxb5 Nxb5 20. Nxb5 Ba6 21. Nc3 Qa8 22. e5 dxe5 23. Nxe5 Bb7 24. Nc6 Bxc6 25. dxc6 Qxc6 26. Re2 e5 27. Rxe5 Rxd1+ 28. Qxd1 Qb6 29. Re7 Qb4 30. Qe2 Qb3 31. a3 Rc8 32. Bd6 Qb5 33. Re3 Qb6 34. Bg3 h5 35. Be5 Rd8 36. Qf3 Ne8 37. Nd5 Qa6 38. Bxg7 Nxg7 39. Nf6+ Kh8 40. Re7 Qc4 41. b3 Qc1+ 42. Kh2 Rf8 43. Nd7 Nf5 44. Nxf8 Nxe7 45. Qxf7 1-0

[Event "FIDE WYCC Girls U16 2023"]
[Site "Montesilvano"]
[Date "2023.11.15"]
[Round "3.12"]
[White "Bondar, Daria"]
[Black "Hayrapetyan, Nvard"]
[Result "1/2-1/2"]
[ECO "B33"]
[WhiteElo "1908"]
[BlackElo "1462"]
[Annotator "NA"]
[PlyCount "94"]
[EventDate "2023.11.13"]
[EventType "swiss"]
[EventCountry "ITA"]
[SourceTitle "playchess.com"]
[Source "ChessBase"]
[SourceQuality "1"]
[TimeControl "40/5400+30:1800+30"]

1. e4 c5 2. Nf3 e6 3. d4 cxd4 4. Nxd4 Nf6 5. Nc3 Nc6 6. Ndb5 d6 7. Bf4 e5 8. Bg5 a6 9. Na3 b5 10. Nd5 Be7 11. Bxf6 Bxf6 12. c4 b4 13. Nc2 a5 14. g3 O-O 15. Bg2 g6 16. Nxf6+ Qxf6 17. O-O Rb8 18. b3 Rd8 19. Qd3 Qg7 20. Rad1 Be6 21. f4 exf4 22. gxf4 Bg4 23. Rd2 Qc3 24. Nd4 Nxd4 25. Qxd4 Qxd4+ 26. Rxd4 Kf8 27. h3 Bh5 28. Bf3 Bxf3 29. Rxf3 Re8 30. Kf2 Re6 31. f5 Re5 32. Rxd6 Rxe4 33. fxg6 hxg6 34. Ra6 Re5 35. Rxg6 Rd8 36. Kg3 Rd2 37. Rgf6 Rg5+ 38. Kh4 Rg7 39. Rf2 Rd4+ 40. R6f4 Rxf4+ 41. Rxf4 Rg2 42. c5 Ke7 43. a3 bxa3 44. Ra4 a2 45. Rxa5 Kd7 46. Ra6 f5 47. b4 f4 1/2-1/2

[Event "FIDE WYCC Girls U16 2023"]
[Site "Montesilvano"]
[Date "2023.11.15"]
[Round "3.13"]
[White "Ismayil, Seljan"]
[Black "Sippola, Sara-Olivia"]
[Result "1/2-1/2"]
[ECO "D36"]
[WhiteElo "1384"]
[BlackElo "1907"]
[Annotator "NA"]
[PlyCount "65"]
[EventDate "2023.11.13"]
[EventType "swiss"]
[EventCountry "ITA"]
[SourceTitle "playchess.com"]
[Source "ChessBase"]
[SourceQuality "1"]
[TimeControl "40/5400+30:1800+30"]

1. d4 d5 2. c4 e6 3. Nc3 Nf6 4. cxd5 exd5 5. Bg5 c6 6. Qc2 h6 7. Bh4 Be7 8. e3 O-O 9. Bd3 Re8 10. Nge2 Nbd7 11. O-O Nh5 12. Bxe7 Qxe7 13. Rfe1 Nf8 14. Rac1 Bd7 15. Nd1 Qh4 16. Ng3 Nxg3 17. hxg3 Qg5 18. Nc3 Ne6 19. Ne2 Qe7 20. Qb3 a5 21. Bb1 g6 22. Nc3 b5 23. Qd1 Rab8 24. e4 dxe4 25. Nxe4 Ng5 26. Qd2 Nxe4 27. Rxe4 Qg5 28. Qxg5 hxg5 29. Rxe8+ Rxe8 30. Kf1 Be6 31. b3 Bd5 32. f3 Kg7 33. Re1 1/2-1/2

[Event "FIDE WYCC Girls U16 2023"]
[Site "Montesilvano"]
[Date "2023.11.15"]
[Round "3.14"]
[White "Nuriyeva, Nurtan"]
[Black "Karaivanova, Petya"]
[Result "1/2-1/2"]
[ECO "D63"]
[WhiteElo "1809"]
[BlackElo "1883"]
[Annotator "NA"]
[PlyCount "151"]
[EventDate "2023.11.13"]
[EventType "swiss"]
[EventCountry "ITA"]
[SourceTitle "playchess.com"]
[Source "ChessBase"]
[SourceQuality "1"]
[TimeControl "40/5400+30:1800+30"]

1. d4 d5 2. Nf3 Nf6 3. c4 e6 4. Nc3 Nbd7 5. Bg5 Be7 6. e3 h6 7. Bh4 O-O 8. Rc1 a6 9. c5 Ne4 10. Bxe7 Qxe7 11. Nxe4 dxe4 12. Ne5 Rd8 13. Qc2 f5 14. Nxd7 Bxd7 15. Bc4 Kh8 16. O-O e5 17. dxe5 Qxe5 18. b4 b6 19. Rcd1 a5 20. Rd5 Qe7 21. bxa5 Rxa5 22. cxb6 cxb6 23. Rd4 Rc8 24. Qd2 Ba4 25. h3 Kh7 26. Rb1 Qa7 27. Qb4 Bc2 28. Rb2 Ra4 29. Qd2 Raxc4 30. Rxc4 Rxc4 31. Rxc2 Qc7 32. Rxc4 Qxc4 33. Qb2 b5 34. Qe5 Kg6 35. h4 h5 36. Qd6+ Kf7 37. a3 g6 38. Qd7+ Kf6 39. Qd2 Qc5 40. Qb2+ Kf7 41. Kh2 Qd6+ 42. Kh3 Qd5 43. Qc3 Qc4 44. Qb2 Qd5 45. Qc1 Qc4 46. Qd2 Qd3 47. Qb2 Qc4 48. Kg3 Qc7+ 49. Kh3 Qc4 50. Qd2 Qd3 51. Qa2+ Qc4 52. Qb2 Qd5 53. Qc1 Qc4 54. Qd2 Qd3 55. Qb2 Qc4 56. Kh2 Qc7+ 57. Kg1 Qc4 58. Qd2 Qb3 59. Qd7+ Kf6 60. Qd6+ Kf7 61. Kh2 Qc4 62. Kg3 Qe2 63. Qc5 Qg4+ 64. Kh2 Qxh4+ 65. Kg1 Qe7 66. Qd5+ Kg7 67. Qxb5 Qxa3 68. Qd7+ Kf6 69. Qd8+ Kg7 70. Qc7+ Kf6 71. Qd8+ Kg7 72. Kh2 Qc5 73. Qd7+ Kh6 74. Qd8 Qe5+ 75. Kg1 Kg7 76. Qd7+ 1/2-1/2

[Event "FIDE WYCC Girls U16 2023"]
[Site "Montesilvano"]
[Date "2023.11.15"]
[Round "3.15"]
[White "Hubert, Charlotte"]
[Black "Yu, Yuexi"]
[Result "0-1"]
[ECO "B12"]
[WhiteElo "1881"]
[BlackElo "1734"]
[Annotator "NA"]
[PlyCount "98"]
[EventDate "2023.11.13"]
[EventType "swiss"]
[EventCountry "ITA"]
[SourceTitle "playchess.com"]
[Source "ChessBase"]
[SourceQuality "1"]
[TimeControl "40/5400+30:1800+30"]

1. e4 c6 2. d4 d5 3. e5 Bf5 4. Nd2 e6 5. Nb3 Nd7 6. Nf3 Ne7 7. Be2 h6 8. O-O Qc7 9. a4 a6 10. c3 g5 11. a5 Bg7 12. Ra4 O-O-O 13. Ne1 c5 14. f4 f6 15. c4 fxe5 16. fxe5 Kb8 17. cxd5 exd5 18. Be3 cxd4 19. Nxd4 Qxe5 20. Bf2 Ka8 21. Rb4 Qd6 22. Qb3 Rb8 23. Nxf5 Nxf5 24. Nd3 Ne7 25. Bg3 Ne5 26. Rb6 N7c6 27. Nxe5 Bxe5 28. Bxe5 Qxe5 29. Bf3 Rhf8 30. Rd1 Nd4 31. Bxd5 Rf6 32. Bxb7+ Rxb7 33. Qg8+ Ka7 34. Qc4 Ne2+ 35. Kh1 Rfxb6 36. axb6+ Rxb6 37. Rd7+ Rb7 38. Rd5 Qe3 39. Rd1 Nf4 40. Ra1 Qe6 41. Qd4+ Qb6 42. Qc4 Rd7 43. b4 Kb7 44. Rc1 Rc7 45. Qe4+ Ka7 46. Rd1 Qc6 47. Qd4+ Kb7 48. Qf2 Qe4 49. Re1 Nd3 0-1

[Event "FIDE WYCC Girls U16 2023"]
[Site "Montesilvano"]
[Date "2023.11.15"]
[Round "3.16"]
[White "Peglau, Charis"]
[Black "Levchenko, Marina"]
[Result "1-0"]
[ECO "D35"]
[WhiteElo "2045"]
[BlackElo "1700"]
[Annotator "NA"]
[PlyCount "111"]
[EventDate "2023.11.13"]
[EventType "swiss"]
[EventCountry "ITA"]
[SourceTitle "playchess.com"]
[Source "ChessBase"]
[SourceQuality "1"]
[TimeControl "40/5400+30:1800+30"]

1. d4 d5 2. c4 e6 3. Nc3 Be7 4. Nf3 Nf6 5. cxd5 exd5 6. Bf4 c6 7. h3 Bf5 8. e3 Nbd7 9. Bd3 Bxd3 10. Qxd3 O-O 11. O-O Re8 12. a3 a5 13. Rac1 Nf8 14. Na4 Ng6 15. Bh2 Ne4 16. Ne5 Nxe5 17. dxe5 f6 18. Nc3 Nc5 19. Qf5 fxe5 20. Bxe5 Bd6 21. Bxd6 Qxd6 22. Rfd1 Qe6 23. Qg5 Ne4 24. Nxe4 Qxe4 25. Rd4 Qe5 26. Qg4 Re7 27. Rc3 Qe6 28. Qg3 Qe5 29. Qxe5 Rxe5 30. Rb3 b5 31. Rc3 Ra6 32. f4 Re6 33. Kf2 Kf7 34. Kf3 Ra7 35. f5 Rf6 36. Kf4 Re7 37. g4 h6 38. h4 g6 39. a4 b4 40. Rc5 Ra7 41. e4 dxe4 42. Kxe4 gxf5+ 43. gxf5 Re7+ 44. Kd3 Ra7 45. Kc4 Kg7 46. Rg4+ Kh7 47. Re5 Raf7 48. Rxa5 Rxf5 49. Rxf5 Rxf5 50. Kxb4 Re5 51. b3 h5 52. Rc4 Re6 53. a5 Re5 54. Rxc6 Re4+ 55. Rc4 Rxc4+ 56. Kxc4 1-0

[Event "FIDE WYCC Girls U16 2023"]
[Site "Montesilvano"]
[Date "2023.11.15"]
[Round "3.17"]
[White "Lobo Pereira, Arami"]
[Black "Lazovic, Emilija"]
[Result "1/2-1/2"]
[ECO "D90"]
[WhiteElo "2013"]
[BlackElo "1690"]
[Annotator "NA"]
[PlyCount "159"]
[EventDate "2023.11.13"]
[EventType "swiss"]
[EventCountry "ITA"]
[SourceTitle "playchess.com"]
[Source "ChessBase"]
[SourceQuality "1"]
[TimeControl "40/5400+30:1800+30"]

1. d4 d5 2. Nf3 Nf6 3. c4 c6 4. Nc3 g6 5. cxd5 cxd5 6. Bf4 Nc6 7. h3 Nh5 8. Bh2 Bg7 9. e3 O-O 10. Be2 Nf6 11. O-O Bf5 12. Qb3 Qd7 13. Rac1 Rac8 14. Ne5 Nxe5 15. Bxe5 Ne4 16. Bb5 Qd8 17. Bxg7 Kxg7 18. Qxd5 Nd6 19. Be2 Kg8 20. Qb3 Rc6 21. Qd1 Qa5 22. Bf3 Rc7 23. e4 Be6 24. d5 Bd7 25. Qb3 Rfc8 26. Be2 Nxe4 27. d6 Nxd6 28. Rcd1 Be6 29. Nd5 Rd7 30. Bg4 Bxg4 31. hxg4 Rcd8 32. Rfe1 Nc8 33. Nc3 Rxd1 34. Rxd1 Rxd1+ 35. Qxd1 Nd6 36. Qe2 Qg5 37. g3 e6 38. Kg2 Qc5 39. Kh2 Qd4 40. Kg2 Qc5 41. Kh2 a6 42. Qf3 Qe5 43. Qd3 b5 44. a4 b4 45. Nd1 Qd5 46. Qe2 Nc4 47. b3 Ne5 48. Ne3 Qe4 49. Qxa6 Nf3+ 50. Kg2 Nd2+ 51. Kg1 Nxb3 52. Qc8+ Kg7 53. Qc2 Qxc2 54. Nxc2 Nc5 55. Nxb4 Nxa4 56. f3 h6 57. Nd3 Nc3 58. Kf2 Nd5 59. Nc5 Kf6 60. Nd7+ Ke7 61. Ne5 Nf6 62. Nc4 h5 63. gxh5 Nxh5 64. Nd2 f5 65. Nc4 Kf6 66. Nd6 e5 67. g4 fxg4 68. fxg4 Nf4 69. Ne4+ Ke6 70. Ke3 Nd5+ 71. Kf3 Nf6 72. Nf2 Kd5 73. Ke3 Kd6 74. g5 Nd5+ 75. Ke4 Nc7 76. Ng4 Ne6 77. Nxe5 Nxg5+ 78. Kd4 Ne6+ 79. Ke4 Nc5+ 80. Kf4 1/2-1/2

[Event "FIDE WYCC Girls U16 2023"]
[Site "Montesilvano"]
[Date "2023.11.15"]
[Round "3.18"]
[White "Seemann, Pola"]
[Black "Deak-Sala, Emilia"]
[Result "1-0"]
[ECO "B38"]
[WhiteElo "1685"]
[BlackElo "1927"]
[Annotator "NA"]
[PlyCount "161"]
[EventDate "2023.11.13"]
[EventType "swiss"]
[EventCountry "ITA"]
[SourceTitle "playchess.com"]
[Source "ChessBase"]
[SourceQuality "1"]
[TimeControl "40/5400+30:1800+30"]

1. e4 c5 2. Nf3 Nc6 3. d4 cxd4 4. Nxd4 g6 5. c4 Bg7 6. Be3 Nf6 7. Nc3 O-O 8. Be2 d6 9. O-O Nxd4 10. Bxd4 Bd7 11. h3 Bc6 12. Qc2 a5 13. Rad1 Qc7 14. Nd5 Bxd5 15. exd5 Nd7 16. Bxg7 Kxg7 17. b3 Kg8 18. Qe4 Nf6 19. Qe3 Rfe8 20. Rfe1 Kg7 21. Bf3 a4 22. Rd4 axb3 23. axb3 Qa5 24. Rc1 Qb6 25. Re4 Qxe3 26. Rxe3 Nd7 27. Be2 f5 28. f4 Kf7 29. Bf3 Ra2 30. g4 Nf6 31. Rce1 b6 32. Bd1 h5 33. gxf5 gxf5 34. Kh1 h4 35. b4 Rb2 36. c5 bxc5 37. bxc5 Rbb8 38. c6 Rbc8 39. Rb3 Rc7 40. Bf3 Rg8 41. Rg1 Rxg1+ 42. Kxg1 Ra7 43. Rb7 Ra1+ 44. Kf2 Rc1 45. Rb8 Rc5 46. Ke3 Kg7 47. Kd4 Rc1 48. Rb3 Rc5 49. Rc3 Rxc3 50. Kxc3 Ne8 51. Kb4 Kf6 52. Ka5 e6 53. Kb6 exd5 54. Bh5 Ng7 55. c7 Nxh5 56. c8=Q Nxf4 57. Qd8+ Ke5 58. Qxh4 d4 59. Kc6 d3 60. Qe7+ Kd4 61. Qxd6+ Ke3 62. Qe5+ Kf3 63. Qe1 Nxh3 64. Kd5 f4 65. Qd2 Kg3 66. Qxd3+ f3 67. Qf1 f2 68. Ke4 Nf4 69. Ke3 Ng2+ 70. Kd2 Nf4 71. Qh1 Ng2 72. Ke2 Nh4 73. Kf1 Nf3 74. Qg2+ Kf4 75. Qxf2 Kg4 76. Ke2 Ng5 77. Ke3 Nh3 78. Qg2+ Kh4 79. Ke4 Ng5+ 80. Kf5 Ne4 81. Kxe4 1-0

[Event "FIDE WYCC Girls U16 2023"]
[Site "Montesilvano"]
[Date "2023.11.15"]
[Round "3.19"]
[White "Helgadottir, Idunn"]
[Black "Braeutigam, Katerina"]
[Result "0-1"]
[ECO "E91"]
[WhiteElo "1678"]
[BlackElo "1904"]
[Annotator "NA"]
[PlyCount "80"]
[EventDate "2023.11.13"]
[EventType "swiss"]
[EventCountry "ITA"]
[SourceTitle "playchess.com"]
[Source "ChessBase"]
[SourceQuality "1"]
[TimeControl "40/5400+30:1800+30"]

1. d4 Nf6 2. Nf3 g6 3. c4 Bg7 4. Nc3 d6 5. e4 O-O 6. Be2 Bg4 7. Be3 Nfd7 8. O-O Nc6 9. Rb1 e5 10. d5 Ne7 11. Nd2 Bxe2 12. Qxe2 f5 13. f3 f4 14. Bf2 g5 15. b4 Nf6 16. c5 Qd7 17. Rfc1 g4 18. cxd6 cxd6 19. Nb5 gxf3 20. Nxf3 Nxe4 21. Rc7 Qf5 22. Nh4 Ng3 23. Qe1 Ne2+ 24. Kf1 Qd3 25. Rxe7 Nc3+ 26. Kg1 Nxb5 27. Rd1 Qa3 28. Rxb7 Qa6 29. Rd7 Qc8 30. Re7 Bf6 31. Re6 Qd7 32. Nf5 Nc7 33. Bh4 Nxe6 34. dxe6 Qxe6 35. Nxd6 Bxh4 36. Qxh4 Rfd8 37. Qg5+ Kf8 38. Re1 Qxd6 39. Rxe5 Qd1+ 40. Kf2 Rd2+ 0-1

[Event "FIDE WYCC Girls U16 2023"]
[Site "Montesilvano"]
[Date "2023.11.15"]
[Round "3.20"]
[White "Kanishka S"]
[Black "Putar, Lara"]
[Result "0-1"]
[ECO "A38"]
[WhiteElo "1656"]
[BlackElo "1892"]
[Annotator "NA"]
[PlyCount "90"]
[EventDate "2023.11.13"]
[EventType "swiss"]
[EventCountry "ITA"]
[SourceTitle "playchess.com"]
[Source "ChessBase"]
[SourceQuality "1"]
[TimeControl "40/5400+30:1800+30"]

1. c4 c5 2. Nc3 Nc6 3. g3 g6 4. Bg2 Bg7 5. Nf3 Nf6 6. O-O d5 7. d3 O-O 8. cxd5 Nxd5 9. Bd2 Nc7 10. Qc1 Re8 11. Bh6 Bh8 12. h4 e5 13. Ne4 b6 14. Re1 Qe7 15. Nfg5 Bb7 16. h5 Rad8 17. Nf3 Ne6 18. Kh2 Ncd4 19. Nxd4 Nxd4 20. Bg5 f6 21. Qc4+ Ne6 22. Be3 g5 23. Bh3 Bd5 24. Qc2 Qf7 25. g4 Bxe4 26. dxe4 Rd7 27. Red1 Nd4 28. Bxd4 exd4 29. b3 Rde7 30. f3 Re6 31. Qd3 Bg7 32. Rac1 Bf8 33. Rh1 Bd6+ 34. Kg2 Bb8 35. Kf2 Qc7 36. Ke1 Qf4 37. Rd1 b5 38. Qxb5 Qe3 39. Rd3 Qc1+ 40. Kf2 Qxh1 41. Bg2 Qh4+ 42. Kf1 Bf4 43. Qxc5 Be3 44. Rxe3 dxe3 45. Qxe3 Rd8 0-1

[Event "FIDE WYCC Girls U16 2023"]
[Site "Montesilvano"]
[Date "2023.11.15"]
[Round "3.21"]
[White "Badenhorst, Chloe"]
[Black "Pragnya H G"]
[Result "0-1"]
[ECO "B22"]
[WhiteElo "1885"]
[BlackElo "1679"]
[Annotator "NA"]
[PlyCount "90"]
[EventDate "2023.11.13"]
[EventType "swiss"]
[EventCountry "ITA"]
[SourceTitle "playchess.com"]
[Source "ChessBase"]
[SourceQuality "1"]
[TimeControl "40/5400+30:1800+30"]

1. e4 c5 2. c3 d6 3. d4 Nf6 4. dxc5 Nc6 5. Qc2 dxc5 6. Be3 e5 7. Nf3 Ng4 8. Bd2 Be7 9. Bc4 O-O 10. O-O Qc7 11. h3 Nf6 12. Be3 Na5 13. Nbd2 Bd7 14. Bd5 Nxd5 15. exd5 f5 16. Nb3 e4 17. d6 Bxd6 18. Ng5 Nxb3 19. Qxb3+ c4 20. Qd1 Qc6 21. b4 Be7 22. h4 f4 23. Bc5 Bxc5 24. bxc5 Bf5 25. Qe2 b5 26. cxb6 axb6 27. Rab1 h6 28. Rxb6 Qxb6 29. Qxc4+ Kh8 30. Nxe4 Rac8 31. Qa4 Qc6 32. Qxc6 Rxc6 33. Nd2 Rxc3 34. Nf3 Rc2 35. Ra1 Bg4 36. Ne5 Bh5 37. a4 Re8 38. Nd3 f3 39. a5 fxg2 40. a6 Bf3 41. a7 Ba8 42. Rb1 Ra2 43. Nf4 Rxa7 44. Nxg2 Ra4 45. h5 Rg4 0-1

[Event "FIDE WYCC Girls U16 2023"]
[Site "Montesilvano"]
[Date "2023.11.15"]
[Round "3.22"]
[White "Kayis, Gulcan Sena"]
[Black "Mickunaite, Agne"]
[Result "0-1"]
[ECO "B22"]
[WhiteElo "1859"]
[BlackElo "1673"]
[Annotator "NA"]
[PlyCount "66"]
[EventDate "2023.11.13"]
[EventType "swiss"]
[EventCountry "ITA"]
[SourceTitle "playchess.com"]
[Source "ChessBase"]
[SourceQuality "1"]
[TimeControl "40/5400+30:1800+30"]

1. e4 c5 2. c3 Nf6 3. e5 Nd5 4. Nf3 Nc6 5. Bc4 Nb6 6. Bb3 d5 7. exd6 Qxd6 8. O-O Bf5 9. d4 cxd4 10. Nxd4 Nxd4 11. cxd4 Rd8 12. Nc3 e6 13. Qf3 Qd7 14. Rd1 Bd6 15. Be3 O-O 16. h3 Bg6 17. d5 e5 18. Rac1 f5 19. Bxb6 axb6 20. Na4 e4 21. Qc3 f4 22. Nxb6 Qf5 23. Kh2 f3+ 24. g3 Qh5 25. Rh1 Bf5 26. Kg1 Bxh3 27. Rc2 Qg4 28. Rh2 Rde8 29. Qe1 e3 30. Rc4 exf2+ 31. Qxf2 Qxg3+ 32. Qxg3 Bxg3 33. Rc1 f2+ 0-1

[Event "FIDE WYCC Girls U16 2023"]
[Site "Montesilvano"]
[Date "2023.11.15"]
[Round "3.23"]
[White "Dobsa, Emma"]
[Black "Kovacs, Reka"]
[Result "0-1"]
[ECO "C55"]
[WhiteElo "1653"]
[BlackElo "1840"]
[Annotator "NA"]
[PlyCount "48"]
[EventDate "2023.11.13"]
[EventType "swiss"]
[EventCountry "ITA"]
[SourceTitle "playchess.com"]
[Source "ChessBase"]
[SourceQuality "1"]
[TimeControl "40/5400+30:1800+30"]

1. e4 e5 2. Nf3 Nc6 3. Bc4 Nf6 4. d3 h6 5. O-O d6 6. h3 g6 7. Bg5 hxg5 8. Nxg5 d5 9. exd5 Na5 10. Re1 Nd7 11. f4 Bg7 12. Qf3 Kf8 13. Ne6+ fxe6 14. dxe6 Nf6 15. fxe5 Qd4+ 16. Kh1 Nxc4 17. dxc4 Bxe6 18. exf6 Qxf6 19. Qxb7 Rd8 20. Nc3 Re8 21. Nd5 Rxh3+ 22. gxh3 Qf3+ 23. Kg1 Bd4+ 24. Ne3 Qxb7 0-1

[Event "FIDE WYCC Girls U16 2023"]
[Site "Montesilvano"]
[Date "2023.11.15"]
[Round "3.24"]
[White "Karimova, Guldona"]
[Black "Sawan, Eman"]
[Result "1/2-1/2"]
[ECO "E81"]
[WhiteElo "1835"]
[BlackElo "1662"]
[Annotator "NA"]
[PlyCount "88"]
[EventDate "2023.11.13"]
[EventType "swiss"]
[EventCountry "ITA"]
[SourceTitle "playchess.com"]
[Source "ChessBase"]
[SourceQuality "1"]
[TimeControl "40/5400+30:1800+30"]

1. d4 Nf6 2. c4 g6 3. Nc3 Bg7 4. e4 d6 5. f3 O-O 6. Be3 Nbd7 7. Bd3 c5 8. Nge2 cxd4 9. Nxd4 Ne5 10. Be2 Bd7 11. O-O Rc8 12. b3 a6 13. a4 Qa5 14. Qd2 Nc6 15. Rfd1 Nxd4 16. Bxd4 Qb4 17. Qb2 e5 18. Be3 Be6 19. Na2 Qa5 20. Rxd6 Qc7 21. Rad1 Nh5 22. g3 Bh3 23. Nc3 f5 24. c5 Nf6 25. Nd5 Nxd5 26. R6xd5 f4 27. Bf2 Qe7 28. Qc3 g5 29. g4 h5 30. Rd7 Qe8 31. Rxb7 Rd8 32. Rxd8 Qxd8 33. Rb6 hxg4 34. fxg4 f3 35. Bxf3 Rf4 36. Bg3 Rxf3 37. Qxf3 Qd4+ 38. Qf2 Qd1+ 39. Qe1 Qf3 40. Rb8+ Kh7 41. Qf2 Qd1+ 42. Qe1 Qf3 43. Qf2 Qd1+ 44. Qe1 Qf3 1/2-1/2

[Event "FIDE WYCC Girls U16 2023"]
[Site "Montesilvano"]
[Date "2023.11.15"]
[Round "3.25"]
[White "Chang, Yolanda"]
[Black "Enkhrii Enkh-Amgalan"]
[Result "0-1"]
[ECO "C02"]
[WhiteElo "1639"]
[BlackElo "1821"]
[Annotator "NA"]
[PlyCount "38"]
[EventDate "2023.11.13"]
[EventType "swiss"]
[EventCountry "ITA"]
[SourceTitle "playchess.com"]
[Source "ChessBase"]
[SourceQuality "1"]
[TimeControl "40/5400+30:1800+30"]

1. e4 e6 2. d4 d5 3. e5 c5 4. c3 Qb6 5. Nf3 Nc6 6. a3 Nh6 7. b4 cxb4 8. Bxh6 gxh6 9. cxb4 Rg8 10. h3 Bd7 11. g3 Rc8 12. Be2 a5 13. b5 Nxd4 14. Nxd4 Bc5 15. Bh5 Bxd4 16. Ra2 Bxb5 17. Rc2 Bxf2+ 18. Rxf2 Qe3+ 19. Re2 Bxe2 0-1

[Event "FIDE WYCC Girls U16 2023"]
[Site "Montesilvano"]
[Date "2023.11.15"]
[Round "3.26"]
[White "Grimault, Leane"]
[Black "Nguyen, Ngoc Hien"]
[Result "0-1"]
[ECO "A96"]
[WhiteElo "1814"]
[BlackElo "1642"]
[Annotator "NA"]
[PlyCount "114"]
[EventDate "2023.11.13"]
[EventType "swiss"]
[EventCountry "ITA"]
[SourceTitle "playchess.com"]
[Source "ChessBase"]
[SourceQuality "1"]
[TimeControl "40/5400+30:1800+30"]

1. c4 e6 2. g3 f5 3. Bg2 Nf6 4. Nf3 Be7 5. O-O O-O 6. Nc3 d6 7. d4 Ne4 8. a4 a5 9. Ne1 d5 10. cxd5 exd5 11. Qb3 Nxc3 12. bxc3 c6 13. Nd3 Nd7 14. c4 dxc4 15. Qxc4+ Kh8 16. Nf4 Nb6 17. Qb3 Ra6 18. Bb2 Bd6 19. Nd3 Nd7 20. Rfd1 Qe7 21. e3 Rd8 22. Ne5 Nxe5 23. dxe5 Bb4 24. Rxd8+ Qxd8 25. Rd1 Qe7 26. Qd3 Be6 27. Qd8+ Bg8 28. Bf1 Qe6 29. Bxa6 bxa6 30. Qd4 h6 31. Rc1 c5 32. Qd3 Qa2 33. Bc3 Qa3 34. Qc2 Bb3 35. Bxb4 cxb4 36. Qc8+ Bg8 37. Rf1 Qd3 38. e6 Qd6 39. e7 Qxe7 40. Qxa6 Qc7 41. Qb5 Bb3 42. Qxf5 Bxa4 43. Qd5 Be8 44. Ra1 a4 45. e4 b3 46. Qd2 Kh7 47. Qb2 Qb6 48. Rd1 Qb4 49. Ra1 Qxe4 50. Qc3 Qc6 51. Qd4 Qf3 52. Rc1 Bc6 53. Rxc6 Qxc6 54. Qb4 Qa8 55. Qa3 Qe4 56. Qc1 Qc2 57. Qf4 b2 0-1

[Event "FIDE WYCC Girls U16 2023"]
[Site "Montesilvano"]
[Date "2023.11.15"]
[Round "3.27"]
[White "Djukic, Katarina"]
[Black "Field, Rowan Soraya"]
[Result "1-0"]
[ECO "B33"]
[WhiteElo "1536"]
[BlackElo "1810"]
[Annotator "NA"]
[PlyCount "109"]
[EventDate "2023.11.13"]
[EventType "swiss"]
[EventCountry "ITA"]
[SourceTitle "playchess.com"]
[Source "ChessBase"]
[SourceQuality "1"]
[TimeControl "40/5400+30:1800+30"]

1. e4 c5 2. Nf3 Nc6 3. d4 cxd4 4. Nxd4 Nf6 5. Nc3 e5 6. Ndb5 d6 7. Bg5 a6 8. Na3 b5 9. Nd5 Be7 10. Bxf6 Bxf6 11. c3 Bg5 12. Nc2 Rb8 13. g3 O-O 14. h4 Bh6 15. Bh3 Be6 16. Nce3 Bxe3 17. Nxe3 Ne7 18. Qd2 Qd7 19. Bg2 f5 20. O-O-O Rb6 21. exf5 Nxf5 22. Nxf5 Bxf5 23. Qe3 Qc7 24. Bd5+ Kh8 25. f3 b4 26. c4 b3 27. a3 Bd7 28. Kb1 Rbb8 29. g4 Bc6 30. Rc1 Bxd5 31. cxd5 Qd7 32. Rc6 Rf4 33. Rhc1 Rbf8 34. Qxb3 h5 35. Qb6 Rxf3 36. gxh5 Qf5+ 37. Ka2 Qxh5 38. Rxd6 e4 39. Rcc6 Qe5 40. Qc7 Qd4 41. Rc4 Qd1 42. Qb6 R8f6 43. Rxf6 gxf6 44. Qd8+ Kg7 45. Qe7+ Kh6 46. Qxe4 Qb3+ 47. Kb1 Rf2 48. Qd4 Rxb2+ 49. Qxb2 Qxc4 50. Qc1+ Qxc1+ 51. Kxc1 Kg7 52. Kd2 f5 53. Ke3 Kg6 54. Kf4 Kf6 55. h5 1-0